 Dungeon Crawl Stone Soup version 0.29-a0-11-ga75d3d97ab (webtiles) character file.

Game seed: 1396133290549103488

616 HallandMoats the Skirmisher (level 7, -6/54 HPs)
             Began as a Ghoul Monk on Jan 28, 2022.
             Was a Priest of Hepliaklqana.
             Mangled by a wyvern zombie (10 damage)
             ... on level 5 of the Dungeon.
             The game lasted 00:05:21 (3133 turns).

HallandMoats the Skirmisher (Ghoul Monk)            Turns: 3133, Time: 00:05:22

Health: -6/54      AC:  7    Str: 17    XL:     7   Next: 45%
Magic:  9/9        EV: 12    Int:  5    God:    Hepliaklqana [***...]
Gold:   165        SH:  0    Dex: 13    Spells: 6/6 levels left

rFire   . . .      SeeInvis .   b - +9 long sword of the Witching Penguin {venom, Dex+2}
rCold   + . .      Faith    .   (no shield)
rNeg    + + +      Spirit   .   c - +0 ring mail
rPois   ∞          Reflect  .   g - +0 helmet
rElec   .          Harm     .   u - +0 cloak
rCorr   .          Rampage  .   (no gloves)
Will    .....                   (no boots)
Stlth   +.........              r - amulet of the acrobat
HPRegen 0.00/turn               t - ring of flight
MPRegen 0.11/turn               (no ring)

@: flying, inhibited regen
A: reduced essence, claws 1, cold resistance 1, negative energy resistance 3,
inhibited regeneration, torment resistance 2
a: Renounce Religion, Recall Ancestor, Ancestor Identity, Transference


You were on level 5 of the Dungeon.
You worshipped Hepliaklqana.
Hepliaklqana was most pleased with you.
You visited 1 branch of the dungeon, and saw 5 of its levels.

You collected 165 gold pieces.

Inventory:

Hand Weapons
 b - the +9 long sword of the Witching Penguin (weapon) {venom, Dex+2}
   (You found it on level 2 of the Dungeon)

   It poisons the flesh of those it strikes.
   Dex:       It affects your dexterity (+2).
Armour
 c - a +0 ring mail (worn)
 g - a +0 helmet (worn)
 u - a +0 cloak (worn)
Jewellery
 a - a ring of fire
 r - an amulet of the acrobat (around neck)
 t - a ring of flight (left claw)
Wands
 q - a wand of flame (8)
 w - a wand of mindburst (6)
Scrolls
 d - a scroll of fear {unknown}
 e - 2 scrolls of identify {unknown}
 h - 2 scrolls of magic mapping {unknown}
 l - a scroll of fog {unknown}
 m - a scroll of noise {unknown}
 n - 2 scrolls of vulnerability {unknown}
 o - a scroll of blinking {unknown}
 p - a scroll of torment {unknown}
 v - a scroll of amnesia {unknown}
 x - a scroll of enchant armour {unknown}
 y - a scroll of enchant weapon {unknown}
Potions
 f - a potion of curing {unknown}
 i - 2 potions of mutation {unknown}
 j - 3 potions of lignification {unknown}
 k - a potion of heal wounds {unknown}
 s - a potion of resistance


   Skills:
 * Level 5.5 Fighting
 + Level 2.0 Armour
 + Level 3.6 Dodging
 - Level 2.1 Stealth
 * Level 5.2 Unarmed Combat
 * Level 4.1 Invocations


You had 6 spell levels left.
You didn't know any spells.
Your spell library contained the following spells:

 Spells                   Type           Power      Damage    Failure   Level
 Shock                    Conj/Air       0%         1d3       67%         1
 Swiftness                Air            0%         N/A       96%         3
 Airstrike                Air            0%         N/A       100%        4


Dungeon Overview and Level Annotations

Branches:
Dungeon (4/15)
 Temple: D:4-7

Altars:
Ashenzari
Cheibriados
Hepliaklqana


Innate Abilities, Weirdness & Mutations

Your life essence is reduced to manifest your ancestor. (-10% HP)
You thrive by killing the living.
You are immune to poison.
You have sharp fingernails.
Your flesh is cold resistant. (rC+)
You are immune to negative energy. (rN+++)
You do not regenerate when monsters are visible.
You are immune to unholy pain and torment.


Message History

The water moccasin completely misses you.
You slash the water moccasin!
You kill the water moccasin!
You feel better.
Your Armour skill increases to level 2!
Your Invocations skill increases to level 4!
You now have 165 gold pieces (gained 10).
You start resting.
Magic restored.
Found a robe.
Found a scroll labelled KOEJYR MIXTE.
Found a hazy altar of Hepliaklqana.
Found a chain mail.
y - a scroll labelled KOEJYR MIXTE You start resting.
A wyvern zombie comes into view.
The wyvern zombie closely misses you. The wyvern zombie misses you.
You barely miss the wyvern zombie. The wyvern zombie bites you!
You slash the wyvern zombie!
The wyvern zombie is moderately damaged.
The wyvern zombie bites you! The wyvern zombie closely misses you.
You slash the wyvern zombie!
The wyvern zombie is heavily damaged.
The wyvern zombie closely misses you. The wyvern zombie bites you.
You barely miss the wyvern zombie.
The wyvern zombie is heavily damaged.
The wyvern zombie bites you but does no damage.
The wyvern zombie bites you!
* * * LOW HITPOINT WARNING * * *
You hit the wyvern zombie. You claw the wyvern zombie.
The wyvern zombie is severely damaged.
The wyvern zombie bites you!
* * * LOW HITPOINT WARNING * * *
The wyvern zombie barely misses you.
You hit the wyvern zombie.
The wyvern zombie is almost destroyed.
The wyvern zombie barely misses you.
You slash the wyvern zombie!
The wyvern zombie is almost destroyed.
The wyvern zombie bites you!
You die...

..#..####
........#####...
............[..#
PPPPPP...#####.#
PPPPPP...#####.##
P........##.....
P.......###.##.# #
P..≈≈≈≈.# #.##.#####.#
P..≈§...###....Z@....#
P.§§._.........#######
..§≈§.......####
...§.....####
#........# ##########


You could see a wyvern zombie.

Vanquished Creatures
  A water moccasin (D:5)
  An ice beast (D:3)
  A scorpion (D:4)
  A bullfrog skeleton (D:5)
  An iguana (D:5)
  Ijyb (D:3)
  3 orc wizards
  A hound skeleton (D:4)
  Robin (D:3)
  3 adders
  An adder skeleton (D:4)
  3 worms
  4 dart slugs
  8 orcs
  8 endoplasms
  2 giant cockroaches
  11 goblins
  7 hobgoblins
  6 jackals
  7 kobolds
  6 quokkas
  10 ball pythons
  6 bats
  2 frilled lizards (D:1)
  9 rats
104 creatures vanquished.

Vanquished Creatures (collateral kills)
  2 adders
  A giant cockroach (D:2)
  4 goblins
  A jackal (D:3)
  A ball python (D:3)
  A bat (D:1)
  A frilled lizard (D:3)
  2 kobolds (D:3)
13 creatures vanquished.

Grand Total: 117 creatures vanquished

Notes
Turn   | Place    | Note
-------+----------+-------------------------------------------
     0 | D:1      | HallandMoats the Ghoul Monk began the quest for the Orb.
     0 | D:1      | Reached XP level 1. HP: 19/19 MP: 0/0
   129 | D:1      | Reached XP level 2. HP: 12/26 MP: 1/1
   670 | D:1      | Reached skill level 1 in Invocations
   732 | D:1      | Found a faded altar of an unknown god.
   740 | D:1      | Reached XP level 3. HP: 31/31 MP: 2/2
   775 | D:1      | Prayed at the altar of an unknown god.
   775 | D:1      | Became a worshipper of Hepliaklqana the Forgotten
   775 | D:1      | Reached * piety under Hepliaklqana
   775 | D:1      | Reached ** piety under Hepliaklqana
   776 | D:1      | Remembered your ancestor Miss Fortune as a hexer
  1049 | D:2      | Reached *** piety under Hepliaklqana
  1365 | D:2      | Identified the +9 long sword of the Witching Penguin
                  | {venom, Dex+2}
  1505 | D:2      | Reached XP level 4. HP: 22/36 MP: 4/4
  2054 | D:3      | Noticed Ijyb
  2063 | D:3      | Killed Ijyb
  2064 | D:3      | Reached skill level 1 in Armour
  2064 | D:3      | Reached XP level 5. HP: 18/41 MP: 5/5
  2338 | D:3      | Noticed an ice beast
  2347 | D:3      | Killed an ice beast
  2438 | D:3      | Reached XP level 6. HP: 47/47 MP: 7/7
  2588 | D:3      | Noticed Robin
  2609 | D:3      | Killed Robin
  2942 | D:4      | Reached skill level 5 in Fighting
  2943 | D:4      | Identified the +0 robe "Rutzioti" {Drain rPois Dex+3}
  2974 | D:4      | Reached XP level 7. HP: 50/54 MP: 8/8
  2977 | D:4      | Reached skill level 5 in Unarmed Combat
  2993 | D:4      | You are sucked into a shaft and drop 1 floor!
  2993 | D:5      | Entered Level 5 of the Dungeon
  2993 | D:5      | Found a broken altar of Ashenzari.
  2993 | D:5      | Found a snail-covered altar of Cheibriados.
  3051 | D:5      | Found a hazy altar of Hepliaklqana.
  3133 | D:5      | Mangled by a wyvern zombie

Illustrated notes

Levels and vault maps discovered:
D:1:      lightli_iron_boxes, layout_basic,
          hellmonk_ecumenical_altar_pennies_from_heaven, minmay_box_of_dots
D:2:      layout_loops_ring, nrook_mini_vaults
D:3:      minmay_bubble_buster, layout_basic, minmay_crystal_water, uniq_ijyb,
          uniq_robin
D:4:      minmay_razor_zed, layout_basic, hangedman_decor_opposing, uniq_pikel
D:5:      layout_loops_ring, mainiacjoe_overflow_chevrons,
          chequers_temple_overflow_statue_of_worship

Skill      XL: |  1  2  3  4  5  6  7 |
---------------+----------------------+-----
Invocations    | 1 2 3 4 |  4.1
Fighting       | 4 5 |  5.5
Dodging        | 3 |  3.6
Unarmed Combat | 4 5 |  5.2
Armour         | 1 2 |  2.0
Stealth        | |  2.1

Action                   |  1- 3 |  4- 6 |  7- 9 || total
-------------------------+-------+-------+-------++-------
Melee: Unarmed           |   132 |       |       ||   132
       Long sword        |     3 |   111 |    23 ||   137
       Punch             |     1 |     5 |     1 ||     7
Invok: Ancestor Life: He |     1 |       |       ||     1
       Ancestor Identity |     1 |       |       ||     1
 Stab: Sleeping          |     3 |     4 |       ||     7
       Confused          |       |     2 |       ||     2
       Distracted        |       |     1 |       ||     1
Armor: Robe              |     7 |       |       ||     7
       Ring mail         |    31 |    50 |    10 ||    91
Dodge: Dodged            |    73 |    70 |    18 ||   161

Table legend: (Time is in decaauts)
 A = Elapsed time spent in this place.
 B = Non-inter-level travel time spent in this place.
 C = Inter-level travel time spent in this place.
 D = Time resting spent in this place.
 E = Time spent auto-exploring this place.
 F = Levels seen in this place.
 G = Mean time per level.
                   A        B        C        D        E       F      G
               +--------+--------+--------+--------+--------+-----+--------+
         Total |   3181 |   3073 |    108 |    225 |   2096 |   5 |  636.2 |
       Dungeon |   3181 |   3073 |    108 |    225 |   2096 |   5 |  636.2 |
               +--------+--------+--------+--------+--------+-----+--------+

Top non-repeatable levels by time:
     D:2: 1012 daAuts
     D:1: 966 daAuts
     D:3: 917 daAuts
     D:5: 147 daAuts
     D:4: 137 daAuts
